 Dungeon Crawl Stone Soup version 0.21.0 (webtiles) character file.

16989 Jerry the Basher (level 12, -4/97 HPs)
             Began as a Gnoll Chaos Knight on Jan 8, 2018.
             Slain by supermoro's ghost (14 damage)
             ... on level 2 of the Lair of Beasts.
             The game lasted 00:59:39 (15629 turns).

Jerry the Basher (Gnoll Chaos Knight)              Turns: 15629, Time: 00:59:39

Health: -4/97      AC: 11    Str: 18    XL:     12   Next: 43%
Magic:  0/22       EV: 13    Int: 14    God:    Xom [......]
Gold:   742        SH:  0    Dex: 11    Spells: 23/25 levels left

rFire    . . .     SeeInvis .   D - +6 morningstar
rCold    . . .     Gourm    .   (no shield)
rNeg     . . .     Faith    .   l - +4 scale mail
rPois    +         Spirit   +   C - +0 hat
rElec    +         Reflect  .   q - scarf {Spirit}
rCorr    +         Harm     .   (no gloves)
MR       .....                  (no boots)
Stlth    ++........             Q - amulet of regeneration
HPRegen  0.66/turn              e - ring of resist corrosion
MPRegen  0.18/turn              F - -4 ring of dexterity (curse)

@: drained
A: distributed training, fangs 1, horns 1, talons 1, blink, dopey 1, sense
surroundings 1, poison resistance, electricity resistance, sturdy frame 1,
strong nose
a: Blink, Renounce Religion


You were on level 2 of the Lair of Beasts.
You worshipped Xom.
You were a very special plaything of Xom.
You were not hungry.

You visited 2 branches of the dungeon, and saw 13 of its levels.
You also visited: Ossuary.

You collected 742 gold pieces.

Inventory:

Hand Weapons
 s - a +2 dagger of venom
 D - a +6 morningstar (weapon)
 G - a +0 whip of freezing
Armour
 l - a +4 scale mail (worn)
 o - a +0 shield
 q - a scarf of spirit shield (worn)
 y - the +1 cloak of Starlight {rElec rC+ EV+4 Stlth--}
   (You found it on level 5 of the Dungeon)

   It affects your evasion (+4).
   It protects you from cold.
   It insulates you from electricity.
   It makes you much less stealthy.
 C - a +0 hat (worn)
 J - a +2 ring mail of poison resistance
Magical Staves
 j - an uncursed staff of wizardry
 u - an uncursed staff of energy
 E - an uncursed staff of air
 N - an uncursed staff of summoning
Jewellery
 e - a ring of resist corrosion (left hand)
 x - a +4 ring of intelligence
 F - a cursed -4 ring of dexterity (right hand)
 Q - an amulet of regeneration (around neck)
Wands
 f - a wand of polymorph (10)
 t - a wand of iceblast (14)
 w - a wand of scattershot (6)
 z - a wand of random effects (46)
 I - a wand of flame (13)
Scrolls
 d - 4 scrolls of teleportation
 g - 4 scrolls of identify
 h - a scroll of holy word
 n - 12 scrolls of remove curse
 v - a scroll of fog
 B - 3 scrolls of fear
 H - 6 scrolls of enchant armour
 M - a scroll of enchant weapon
 O - 2 scrolls of amnesia
 P - a scroll of vulnerability
 T - a scroll of acquirement {unknown}
 U - a scroll of blinking
Potions
 a - 4 potions of flight
 b - a potion of haste
 i - 3 potions of brilliance
 k - 4 potions of curing
 m - 3 potions of cancellation
 p - 3 potions of mutation
 A - 3 potions of lignification
 K - 2 potions of might
 R - 2 potions of resistance {unknown}
 S - a potion of agility
Books
 r - a book of Geomancy

   Spells                             Type                      Level
   a - Sandblast                      Earth                        1
   b - Passwall                       Transmutation/Earth          2
   c - Stone Arrow                    Conjuration/Earth            3
   d - Petrify                        Transmutation/Earth          4
   e - Lee's Rapid Deconstruction     Earth                        5
 L - a book of Cantrips

   Spells                             Type                      Level
   a - Confusing Touch                Hexes                        1
   b - Animate Skeleton               Necromancy                   1
   c - Summon Small Mammal            Summoning                    1
   d - Apportation                    Translocation                1
Comestibles
 c - 21 rations
 V - a chunk of flesh


   Skills:
 + Level 9.7(8.4) Fighting
 + Level 7.1(5.9) Short Blades
 + Level 7.1(5.9) Long Blades
 + Level 7.1(5.9) Axes
 + Level 9.7(8.4) Maces & Flails
 + Level 7.1(5.9) Polearms
 + Level 7.1(5.9) Staves
 + Level 7.1(5.9) Slings
 + Level 7.1(5.9) Bows
 + Level 7.1(5.9) Crossbows
 + Level 7.1(5.9) Throwing
 + Level 8.6(7.3) Armour
 + Level 7.6(6.4) Dodging
 + Level 7.1(5.9) Stealth
 + Level 7.1(5.9) Shields
 + Level 7.1(5.9) Unarmed Combat
 + Level 7.1(5.9) Spellcasting
 + Level 5.9(4.7) Conjurations
 + Level 5.9(4.7) Hexes
 + Level 5.9(4.7) Charms
 + Level 5.9(4.7) Summonings
 + Level 5.9(4.7) Necromancy
 + Level 5.9(4.7) Translocations
 + Level 5.9(4.7) Transmutations
 + Level 5.9(4.7) Fire Magic
 + Level 5.9(4.7) Ice Magic
 + Level 5.9(4.7) Air Magic
 + Level 5.9(4.7) Earth Magic
 + Level 5.9(4.7) Poison Magic
 + Level 7.8(6.6) Invocations
 + Level 7.1(5.9) Evocations


You had 23 spell levels left.
You knew the following spells:

 Your Spells              Type           Power        Failure   Level  Hunger
a - Animate Skeleton      Necr           N/A          4%          1    None
b - Summon Small Mammal   Summ           ###.         4%          1    None


Dungeon Overview and Level Annotations

Branches:
Dungeon (11/15)            Temple (0/1) D:7            Lair (2/6) D:11
  Swamp (0/4) Lair:2          Orc (0/2) D:9
  Snake: Lair:2-4    Spider: Lair:2-4

Altars:
Cheibriados
Elyvilon
Fedhas
Gozag
Hepliaklqana
Makhleb
Qazlal
Ru
Uskayaw
Vehumet
Xom
The Shining One

Shops:
D:6 [

Annotations:
Lair:2 supermoro's ghost, journeyman MiFi


Innate Abilities, Weirdness & Mutations

Your experience applies equally to all skills.
You have very sharp teeth.
Your uncanny sense of smell can sniff out nearby items.
You have a pair of small horns on your head.
You have sharp toenails.
You can translocate small distances at will.
You are dopey. (Int -2)
You passively map a small area around you.
Your system is resistant to poisons. (rPois)
You are resistant to electric shocks. (rElec)
Your movements are slightly less encumbered by armour. (ER -2)


Message History

Supermoro's ghost is heavily damaged.
Supermoro's ghost hits you but does no damage.
You hit supermoro's ghost.
You claw supermoro's ghost, but do no damage.
You bite supermoro's ghost, but do no damage.
Supermoro's ghost is heavily damaged.
Supermoro's ghost hits you!!
* * * LOW HITPOINT WARNING * * *
Supermoro's ghost hits you!!
* * * LOW HITPOINT WARNING * * *
You hit supermoro's ghost but do no damage.
You claw supermoro's ghost, but do no damage.
Your headbutt misses supermoro's ghost.
Supermoro's ghost is heavily damaged.
Supermoro's ghost completely misses you.
Your scale mail prevents you from hitting supermoro's ghost.
Supermoro's ghost is heavily damaged.
Supermoro's ghost hits you!
You die...
Xom bursts into laughter!

####....# #....#..#P.#.####....
#P##....#####.....#####....##....
..................#..#.#.........
#.............##.........##......
####...####.#.##.P....#..........
#....###....##.........##...>..
#.....#.#..P##......##.#.......
#....####....#.##.>.##.##.#....
#....####..###@#..W.....#......
###P....##.......W#...P#..#......
.........................P#.P....
.......##.....#..........##.##...
.......##....##.............#....
.#P#...#.##.######....#..........
#########...## ##..............
.# ##.....### #..............>
.### #P...(...####.....(........


You could see supermoro's ghost.

Vanquished Creatures
  The ghost of GordonOverkill the Fighter, a novice OgHu of Okawaru (D:10)
  Erica (D:11)
  A hydra (Lair:1)
  An unseen horror (D:11)
  Pikel (D:9)
  An ugly thing (D:11)
  A cyclops (D:11)
  Joseph (D:9)
  2 spiny frogs (Lair:1)
  A gargoyle (D:10)
  A polar bear (Lair:2)
  4 hippogriffs
  3 wyverns
  6 yaks
  A hungry ghost (D:7)
  A basilisk (D:11)
  3 swamp worms (Lair:2)
  3 water moccasins
  4 porcupines
  7 orc warriors
  4 ice beasts
  4 sky beasts
  3 phantoms
  A black bear (D:11)
  5 ogres
  A necrophage (D:6)
  6 centaurs
  7 wolves
  8 crocodiles
  2 big kobolds
  14 bullfrogs
  A gnoll sergeant (D:9)
  10 scorpions
  A wyvern skeleton (D:9)
  5 killer bees
  3 jellies
  11 wights
  3 howler monkeys
  An electric eel (Lair:2)
  A lava snake (Lair:2)
  5 crimson imps
  2 bullfrog zombies
  5 centaur zombies
  2 quasits
  A human zombie (Ossuary)
  A bullfrog skeleton (D:9)
  2 orc priests
  21 orc wizards
  2 hounds
  A gnoll shaman (D:8)
  An iron imp (D:9)
  Terence (D:3)
  3 iguanas
  8 worker ants
  3 big kobold zombies (Ossuary)
  A hound zombie (D:6)
  A hound skeleton (D:8)
  2 mummies (Ossuary)
  3 worker ant zombies
  Robin (D:2)
  11 gnolls
  5 scorpion zombies (Ossuary)
  11 adders
  3 oozes
  An adder skeleton (D:4)
  4 dart slugs
  4 leopard geckos
  72 orcs
  4 bats
  11 giant cockroaches
  A gnoll zombie (Ossuary)
  9 goblins
  6 hobgoblins
  12 jackals
  7 quokkas
  3 frilled lizards
  A goblin zombie (Ossuary)
  17 kobolds
  2 kobold zombies (Ossuary)
  A leopard gecko skeleton (D:5)
  An orc zombie (Ossuary)
  7 rats
394 creatures vanquished.

Vanquished Creatures (collateral kills)
  A killer bee (D:5)
1 creature vanquished.

Vanquished Creatures (others)
  A porcupine (D:11)
  2 black bears (D:11)
  A killer bee (D:11)
  An orc priest (D:4)
  A mummy (Ossuary)
  4 orcs
  A leopard gecko zombie (D:9)
  A bush (D:11)
  A fungus (D:11)
  4 plants (D:11)
17 creatures vanquished.

Grand Total: 412 creatures vanquished

Notes
Turn   | Place    | Note
-------+----------+-------------------------------------------
     0 | D:1      | Jerry the Gnoll Chaos Knight began the quest for the Orb.
     0 | D:1      | Reached XP level 1. HP: 23/23 MP: 1/1
   164 | D:1      | Reached XP level 2. HP: 29/29 MP: 2/2
   322 | D:1      | Reached XP level 3. HP: 34/35 MP: 3/3
   666 | D:2      | Found a burning altar of Makhleb.
   696 | D:2      | Reached skill level 1 in Invocations
   742 | D:2      | Found a radiant altar of Vehumet.
   742 | D:2      | Noticed Robin
   745 | D:2      | XOM: noise
   774 | D:2      | XOM: silly message
   892 | D:1      | XOM: harmless Chrm miscast
  1023 | D:2      | Reached skill level 1 in Short Blades
  1023 | D:2      | Reached skill level 1 in Long Blades
  1023 | D:2      | Reached skill level 1 in Axes
  1023 | D:2      | Reached skill level 1 in Polearms
  1023 | D:2      | Reached skill level 1 in Staves
  1023 | D:2      | Reached skill level 1 in Slings
  1023 | D:2      | Reached skill level 1 in Bows
  1023 | D:2      | Reached skill level 1 in Crossbows
  1023 | D:2      | Reached skill level 1 in Throwing
  1023 | D:2      | Reached skill level 1 in Stealth
  1023 | D:2      | Reached skill level 1 in Shields
  1023 | D:2      | Reached skill level 1 in Unarmed Combat
  1023 | D:2      | Reached skill level 1 in Spellcasting
  1023 | D:2      | Reached skill level 1 in Evocations
  1073 | D:2      | XOM: mild Necr miscast
  1190 | D:2      | Found a faded altar of an unknown god.
  1203 | D:2      | Reached XP level 4. HP: 41/41 MP: 5/5
  1214 | D:2      | Found an opulent altar of Gozag.
  1409 | D:2      | XOM: divination: detect creatures
  1531 | D:2      | XOM: harmless Air miscast
  1561 | D:2      | Killed Robin
  1670 | D:2      | XOM: mild Summ miscast
  1716 | D:2      | XOM: potion effect (curing)
  1719 | D:2      | Reached skill level 1 in Conjurations
  1719 | D:2      | Reached skill level 1 in Hexes
  1719 | D:2      | Reached skill level 1 in Charms
  1719 | D:2      | Reached skill level 1 in Summonings
  1719 | D:2      | Reached skill level 1 in Necromancy
  1719 | D:2      | Reached skill level 1 in Translocations
  1719 | D:2      | Reached skill level 1 in Transmutations
  1719 | D:2      | Reached skill level 1 in Fire Magic
  1719 | D:2      | Reached skill level 1 in Ice Magic
  1719 | D:2      | Reached skill level 1 in Air Magic
  1719 | D:2      | Reached skill level 1 in Earth Magic
  1719 | D:2      | Reached skill level 1 in Poison Magic
  1786 | D:2      | XOM: god gift: crooked smoking staff {god gift}
  1907 | D:3      | Found a sacrificial altar of Ru.
  1968 | D:3      | Reached XP level 5. HP: 45/47 MP: 6/6
  2052 | D:3      | Found a white marble altar of Elyvilon.
  2109 | D:3      | Noticed Terence
  2121 | D:3      | XOM: god gift: wand of iceblast (4)
  2121 | D:3      | Killed Terence
  2389 | D:3      | Found a glowing golden altar of the Shining One.
  2638 | D:4      | XOM: summons friendly iron imp
  2829 | D:4      | XOM: divine lightning
  2905 | D:4      | Noticed a centaur
  2907 | D:4      | Reached XP level 6. HP: 53/53 MP: 8/8
  2908 | D:4      | Noticed a phantom
  2930 | D:4      | XOM: divine lightning
  2934 | D:4      | Killed a phantom
  2934 | D:4      | Reached skill level 5 in Armour
  3092 | D:4      | Found a stormy altar of Qazlal.
  3109 | D:4      | XOM: give mutations
  3109 | D:4      | Gained mutation: Your flesh is heat resistant. (rF+) [Xom's grace]
  3109 | D:4      | Gained mutation: You are resistant to electric shocks. (rElec) [Xom's grace]
  3109 | D:4      | Gained mutation: You have large cloven feet. [Xom's grace]
  3109 | D:4      | Gained mutation: Your flesh is cold resistant. (rC+) [Xom's grace]
  3141 | D:4      | XOM: give mutations
  3141 | D:4      | Lost mutation: You have large cloven feet. [Xom's mischief]
  3141 | D:4      | Gained mutation: You are clumsy. (Dex -2) [Xom's mischief]
  3141 | D:4      | Gained mutation: Armour fits poorly on your strangely shaped body. [Xom's mischief]
  3141 | D:4      | Gained mutation: You are frail. (-10% HP) [Xom's mischief]
  3481 | D:5      | Entered Level 5 of the Dungeon
  3566 | D:5      | XOM: smoke on damage
  3575 | D:5      | Reached XP level 7. HP: 18/53 MP: 10/10
  3854 | D:4      | XOM: medium Pois miscast
  3863 | D:4      | XOM: cast spell 'Summon Dragon'
  4055 | D:5      | XOM: god gift: curved glowing staff {god gift}
  4662 | D:5      | XOM: god gift: ration
  4774 | D:5      | Found the +1 cloak of Starlight {rElec rC+ EV+4 Stlth--}
  5046 | D:5      | XOM: enchant monster (good)
  5047 | D:5      | Reached XP level 8. HP: 60/60 MP: 12/12
  5269 | D:5      | XOM: potion effect (heal wounds)
  5280 | D:4      | XOM: fog
  5311 | D:5      | XOM: scenery: create altars
  5321 | D:5      | XOM: scenery: create altars
  5325 | D:5      | XOM: cast spell 'Summon Butterflies'
  5331 | D:5      | Lost mutation: You are clumsy. (Dex -2) [potion of mutation]
  5331 | D:5      | Lost mutation: Armour fits poorly on your strangely shaped body. [potion of mutation]
  5331 | D:5      | Lost mutation: Your flesh is cold resistant. (rC+) [potion of mutation]
  5331 | D:5      | Lost mutation: Your flesh is heat resistant. (rF+) [potion of mutation]
  5331 | D:5      | Gained mutation: You have a pair of small horns on your head. [potion of mutation]
  5647 | D:6      | Found a hazy altar of Hepliaklqana.
  5648 | D:6      | Found a hide-covered altar of Uskayaw.
  5695 | D:6      | XOM: cast spell 'Summon Small Mammal'
  5754 | D:6      | Found Fazib's Armour Shoppe.
  5793 | D:6      | XOM: cast spell 'Cause Fear'
  6309 | D:6      | Reached XP level 9. HP: 63/63 MP: 14/14
  6606 | D:7      | Found a staircase to the Ecumenical Temple.
  6943 | D:7      | XOM: summons friendly crimson imp
  6952 | D:7      | Reached skill level 5 in Dodging
  7036 | D:7      | XOM: cloud trail
  7266 | D:7      | XOM: scenery: create altars
  7336 | D:7      | XOM: scenery: create altars
  7401 | D:7      | Found the +10 Black Knight's horse barding {ponderous, rPois rN+}
  7654 | D:8      | Reached skill level 5 in Invocations
  7670 | D:8      | XOM: divination: magic mapping
  7755 | D:8      | Found a sand-covered staircase.
  7800 | Ossuary  | Entered an ossuary
  7916 | Ossuary  | XOM: polymorph scorpion -> iguana
  7930 | Ossuary  | Reached XP level 10. HP: 71/71 MP: 17/17
  8277 | Ossuary  | XOM: mild Tmut miscast
  8370 | Ossuary  | XOM: harmless Summ miscast
  8389 | Ossuary  | XOM: give mutations
  8389 | Ossuary  | Gained mutation: You have sharp toenails. [Xom's grace]
  8389 | Ossuary  | Gained mutation: Your muscles are strong. (Str +2) [Xom's grace]
  8389 | Ossuary  | Gained mutation: You have razor-sharp toenails. [Xom's grace]
  8389 | Ossuary  | Gained mutation: Your flesh is cold resistant. (rC+) [Xom's grace]
  8432 | Ossuary  | XOM: god gift: 51 gold pieces
  9010 | D:8      | XOM: 3-stop teleportation journey
  9095 | D:8      | XOM: mild Erth miscast
  9150 | D:8      | Reached skill level 5 in Short Blades
  9150 | D:8      | Reached skill level 5 in Long Blades
  9150 | D:8      | Reached skill level 5 in Axes
  9150 | D:8      | Reached skill level 5 in Polearms
  9150 | D:8      | Reached skill level 5 in Staves
  9150 | D:8      | Reached skill level 5 in Slings
  9150 | D:8      | Reached skill level 5 in Bows
  9150 | D:8      | Reached skill level 5 in Crossbows
  9150 | D:8      | Reached skill level 5 in Throwing
  9150 | D:8      | Reached skill level 5 in Stealth
  9150 | D:8      | Reached skill level 5 in Shields
  9150 | D:8      | Reached skill level 5 in Unarmed Combat
  9150 | D:8      | Reached skill level 5 in Spellcasting
  9150 | D:8      | Reached skill level 5 in Evocations
  9365 | D:8      | XOM: harmless Tloc miscast
  9641 | D:9      | Found a staircase to the Orcish Mines.
  9648 | D:9      | XOM: noise
  9730 | D:9      | Found a snail-covered altar of Cheibriados.
  9769 | D:9      | HP: 3/72 [yak (2)]
  9852 | D:7      | XOM: give mutations
  9852 | D:7      | Lost mutation: You have razor-sharp toenails. [Xom's mischief]
  9852 | D:7      | Lost mutation: Your muscles are strong. (Str +2) [Xom's mischief]
  9852 | D:7      | Gained mutation: You are dopey. (Int -2) [Xom's mischief]
  9852 | D:7      | Lost mutation: You are frail. (-10% HP) [Xom's mischief]
 10293 | D:9      | XOM: 2-stop teleportation journey
 10298 | D:9      | XOM: polymorph orc -> quokka
 10329 | D:9      | XOM: enchant monster (good)
 10342 | D:9      | XOM: noise
 10343 | D:9      | XOM: divination: magic mapping
 10359 | D:9      | Noticed Pikel
 10359 | D:9      | XOM: confuse monster(s)
 10367 | D:9      | Killed Pikel
 10439 | D:9      | XOM: confuse monster(s)
 10613 | D:8      | XOM: give mutations
 10613 | D:8      | Gained mutation: You can translocate small distances at will. [Xom's grace]
 10613 | D:8      | Gained mutation: Your movements are slightly less encumbered by armour. (ER -2) [Xom's grace]
 11111 | D:9      | Reached XP level 11. HP: 79/86 MP: 19/19
 11113 | D:9      | Noticed Joseph
 11137 | D:9      | XOM: enchant monster (bad)
 11143 | D:9      | XOM: blink monster(s)
 11161 | D:9      | Killed Joseph
 11178 | D:9      | XOM is BORED!
 11178 | D:9      | XOM: give mutations
 11178 | D:9      | Lost mutation: Your flesh is cold resistant. (rC+) [Xom's mischief]
 11178 | D:9      | Lost mutation: You have a pair of small horns on your head. [Xom's mischief]
 11178 | D:9      | Gained mutation: You are weak. (Str -2) [Xom's mischief]
 11178 | D:9      | Gained mutation: You are frail. (-10% HP) [Xom's mischief]
 11453 | D:9      | XOM: give mutations
 11453 | D:9      | Lost mutation: You are weak. (Str -2) [Xom's mischief]
 11453 | D:9      | Gained mutation: Your system is resistant to poisons. (rPois) [Xom's mischief]
 11453 | D:9      | Lost mutation: You are frail. (-10% HP) [Xom's mischief]
 11588 | D:10     | Entered Level 10 of the Dungeon
 12106 | D:10     | Reached skill level 5 in Conjurations
 12106 | D:10     | Reached skill level 5 in Hexes
 12106 | D:10     | Reached skill level 5 in Charms
 12106 | D:10     | Reached skill level 5 in Summonings
 12106 | D:10     | Reached skill level 5 in Necromancy
 12106 | D:10     | Reached skill level 5 in Translocations
 12106 | D:10     | Reached skill level 5 in Transmutations
 12106 | D:10     | Reached skill level 5 in Fire Magic
 12106 | D:10     | Reached skill level 5 in Ice Magic
 12106 | D:10     | Reached skill level 5 in Air Magic
 12106 | D:10     | Reached skill level 5 in Earth Magic
 12106 | D:10     | Reached skill level 5 in Poison Magic
 12181 | D:10     | XOM: 6-stop teleportation journey
 12322 | D:10     | Noticed GordonOverkill's ghost (novice OgHu)
 12333 | D:10     | XOM: summons 2 friendly demons
 12355 | D:10     | XOM: mild Air miscast
 12358 | D:10     | Killed GordonOverkill's ghost
 12520 | D:10     | XOM: scenery: 1 doors close
 12641 | D:10     | XOM: god gift: twisted glowing staff {god gift}
 12783 | D:11     | Noticed a cyclops
 12795 | D:11     | XOM: enchant monster (good)
 12812 | D:11     | Killed a cyclops
 12816 | D:11     | XOM: 1-stop teleportation journey
 12887 | D:11     | Noticed Erica
 12941 | D:11     | Found a staircase to the Lair.
 12941 | D:11     | XOM: 3-stop teleportation journey
 12943 | D:11     | XOM: destruction
 12953 | D:11     | XOM: harmless Erth miscast
 13016 | D:11     | XOM: mild Air miscast
 13178 | D:11     | Killed Erica
 13252 | D:11     | Killed an unseen horror
 13628 | D:11     | Noticed a white ugly thing
 13641 | D:11     | Killed a white ugly thing
 13641 | D:11     | Reached XP level 12. HP: 81/96 MP: 22/22
 13914 | Lair:1   | Entered Level 1 of the Lair of Beasts
 13952 | Lair:1   | Noticed a six-headed hydra
 13962 | Lair:1   | XOM: enchant monster (bad)
 13965 | Lair:1   | Killed a six-headed hydra
 14148 | Lair:1   | XOM: harmless Conj miscast
 14289 | Lair:1   | Found a blossoming altar of Fedhas.
 14611 | Lair:1   | XOM: give mutations
 14611 | Lair:1   | Gained mutation: You have a pair of small horns on your head. [Xom's grace]
 14611 | Lair:1   | Gained mutation: You passively map a small area around you. [Xom's grace]
 14641 | Lair:1   | XOM: mild Chrm miscast
 14786 | Lair:2   | XOM: summons friendly quasit
 14969 | Lair:2   | XOM: mild Erth miscast
 15014 | Lair:2   | Noticed supermoro's ghost (journeyman MiFi)
 15019 | Lair:2   | XOM: mild Chrm miscast
 15027 | Lair:2   | XOM: 2-stop teleportation journey
 15141 | Lair:2   | Learned a level 1 spell: Animate Skeleton
 15143 | Lair:2   | Learned a level 1 spell: Summon Small Mammal
 15143 | Lair:2   | XOM: mild Tloc miscast
 15559 | Lair:2   | Found a staircase to the Swamp.
 15612 | Lair:2   | XOM: draining
 15618 | Lair:2   | XOM: mild Pois miscast
 15629 | Lair:2   | Slain by supermoro's ghost

Skill      XL: |  1  2  3  4  5  6  7  8  9 10 11 12 |
---------------+-------------------------------------+-----
Invocations    | 1 2 3 4 5 6 7 |  7.8
Short Blades   | 1 2 3 4 5 6 7 |  7.1
Long Blades    | 1 2 3 4 5 6 7 |  7.1
Axes           | 1 2 3 4 5 6 7 |  7.1
Polearms       | 1 2 3 4 5 6 7 |  7.1
Staves         | 1 2 3 4 5 6 7 |  7.1
Slings         | 1 2 3 4 5 6 7 |  7.1
Bows           | 1 2 3 4 5 6 7 |  7.1
Crossbows      | 1 2 3 4 5 6 7 |  7.1
Throwing       | 1 2 3 4 5 6 7 |  7.1
Stealth        | 1 2 3 4 5 6 7 |  7.1
Shields        | 1 2 3 4 5 6 7 |  7.1
Unarmed Combat | 1 2 3 4 5 6 7 |  7.1
Spellcasting   | 1 2 3 4 5 6 7 |  7.1
Evocations     | 1 2 3 4 5 6 7 |  7.1
Conjurations   | 1 2 3 4 5 |  5.9
Hexes          | 1 2 3 4 5 |  5.9
Charms         | 1 2 3 4 5 |  5.9
Summonings     | 1 2 3 4 5 |  5.9
Necromancy     | 1 2 3 4 5 |  5.9
Translocations | 1 2 3 4 5 |  5.9
Transmutations | 1 2 3 4 5 |  5.9
Fire Magic     | 1 2 3 4 5 |  5.9
Ice Magic      | 1 2 3 4 5 |  5.9
Air Magic      | 1 2 3 4 5 |  5.9
Earth Magic    | 1 2 3 4 5 |  5.9
Poison Magic   | 1 2 3 4 5 |  5.9
Dodging        | 3 4 5 6 7 |  7.6
Armour         | 5 6 7 8 |  8.6
Fighting       | 7 8 9 |  9.7
Maces & Flails | 7 8 9 |  9.7

Action                   |  1- 3 |  4- 6 |  7- 9 | 10-12 || total
-------------------------+-------+-------+-------+-------++-------
Melee: Mace              |    76 |    66 |       |       ||   142
       Bite              |     5 |    11 |    45 |   101 ||   162
       Dagger            |       |   101 |    33 |       ||   134
       Punch             |       |     1 |     9 |    25 ||    35
       Flail             |       |       |   201 |       ||   201
       Headbutt          |       |       |    55 |    92 ||   147
       Long sword        |       |       |   117 |   215 ||   332
       Unarmed           |       |       |     3 |       ||     3
       Morningstar       |       |       |       |   613 ||   613
       Kick              |       |       |       |   253 ||   253
  Use: Scroll            |       |     7 |     7 |    10 ||    24
       Potion            |       |     1 |     3 |     4 ||     8
 Stab: Confused          |     1 |     1 |       |       ||     2
       Sleeping          |     2 |     5 |       |     1 ||     8
       Petrified         |       |       |     2 |     6 ||     8
       Paralysed         |       |       |     2 |       ||     2
       Distracted        |       |       |     1 |       ||     1
  Eat: Chunk             |     1 |     7 |    13 |    16 ||    37
       Ration            |       |       |     2 |     3 ||     5
Armor: Leather armour    |    31 |    46 |     2 |       ||    79
       Scale mail        |       |       |   143 |   246 ||   389
       Ring mail         |       |       |       |    84 ||    84
       Skin              |       |       |       |    31 ||    31
Dodge: Dodged            |    57 |    81 |   238 |   785 ||  1161
       Rpst.: Long sword |       |       |    21 |    56 ||    77
